 Dungeon Crawl Stone Soup version 0.31-a0-233-g139696dc86 (webtiles) character file.

Game seed: 11116114691237078374

67 Anon1729 the Trooper (level 3, -2/33 HPs)
             Began as a Minotaur Monk on July 9, 2023.
             Slain by a hobgoblin (5 damage)
             ... led by Robin
             ... on level 2 of the Dungeon.
             The game lasted 00:00:21 (885 turns).

Anon1729 the Trooper (Minotaur Monk)                 Turns: 885, Time: 00:00:22

Health: -2/33      AC:  2    Str: 15    XL:     3   Next: 98%
Magic:  2/3        EV: 13    Int:  7    God:
Gold:   54         SH:  0    Dex: 14    Spells: 2/2 levels left

rFire   . . .        a - +0 short sword
rCold   . . .        d - orb {light}
rNeg    . . .        b - +0 robe
rPois   .            (helmet restricted)
rElec   .            (no cloak)
rCorr   .            (no gloves)
SInv    .            (no boots)
Will    .....        (no amulet)
Stlth   +            (no ring)
HPRegen 0.25/turn    (no ring)
MPRegen 0.08/turn

%: no passive effects
@: glowing
A: horns 2, retaliatory headbutt
a: no special abilities


You were on level 2 of the Dungeon.
You visited 1 branch of the dungeon, and saw 2 of its levels.

You collected 54 gold pieces.

Inventory:

Hand Weapons
 a - a +0 short sword (weapon)
Armour
 b - a +0 robe (worn)
 d - an orb of light (worn)
Scrolls
 e - a scroll of identify {unknown}
 f - 2 scrolls of teleportation {unknown}
Potions
 c - a potion of ambrosia


   Skills:
 + Level 4.2 Fighting
 + Level 3.8 Short Blades
 + Level 1.7 Armour
 + Level 3.7 Dodging
 + Level 1.4 Invocations


You had 2 spell levels left.
You didn't know any spells.
Your spell library was empty.

Dungeon Overview and Level Annotations

Branches:
Dungeon (2/15)

Altars:

Annotations:
D:2 Robin


Innate Abilities, Weirdness & Mutations

You have a pair of horns on your head.
You reflexively headbutt those who attack you in melee.


Message History

You hit Robin. Your headbutt misses Robin.
Robin is lightly wounded.
Robin throws the goblin at you!
The hobgoblin hits you but does no damage.
The goblin hits you with a +0 dagger. The goblin closely misses you.
The hobgoblin hits you.
You hit Robin but do no damage. You headbutt Robin.
Robin is heavily wounded.
Robin completely misses you. The hobgoblin barely misses you.
The goblin closely misses you. The goblin hits you with a +0 dagger.
The hobgoblin hits you.
You are too injured to fight recklessly!
You are too injured to fight recklessly!
You are too injured to fight recklessly!
You are too injured to fight recklessly!
You are too injured to fight recklessly!
You are too injured to fight recklessly!
You are too injured to fight recklessly!
You are too injured to fight recklessly!
You are too injured to fight recklessly!
You are too injured to fight recklessly!
You are too injured to fight recklessly!
You are too injured to fight recklessly!
You are too injured to fight recklessly!
You are too injured to fight recklessly!
You are too injured to fight recklessly!
The goblin attacks as you move away! The goblin barely misses you.
Robin throws the goblin at you! The goblin hits you with a +0 club.
* * * LOW HITPOINT WARNING * * *
The hobgoblin hits you but does no damage.
You hit the goblin but do no damage. Your headbutt misses the goblin.
The goblin misses you. The hobgoblin closely misses you.
You furiously retaliate!
You headbutt the hobgoblin. The goblin barely misses you.
You furiously retaliate!
You headbutt the goblin. The goblin hits you with a +0 dagger.
* * * LOW HITPOINT WARNING * * *
You hit the goblin.
The goblin is severely wounded.
The goblin barely misses you. x2; The hobgoblin hits you.
You die...

.# .. ##### ###. #
#...# #.. #. #.#)##
#.# #^ ###.#..####.###
#..#...##.....?..#####
#..#.#######..........
#...........g@g##..#..
#.##.########ggg......
#. #.#......†gg....#.#
#.##.#....####.#......
####.##.### .....##..
...#......## ..#### #
...........#.. ...#
..................#
..................#


You could see Robin, 2 hobgoblins and 4 goblins.

Vanquished Creatures
  Jessica (D:2)
  4 endoplasms
  A giant cockroach (D:2)
  4 goblins
  8 hobgoblins
  2 jackals (D:1)
  4 quokkas (D:1)
  4 ball pythons
  A bat (D:1)
  2 frilled lizards (D:1)
  3 kobolds (D:1)
  A rat (D:1)
35 creatures vanquished.

Notes
Turn   | Place    | Note
-------+----------+-------------------------------------------
     0 | D:1      | Anon1729 the Minotaur Monk began the quest for the Orb.
     0 | D:1      | Reached XP level 1. HP: 19/19 MP: 0/0
    67 | D:1      | Reached XP level 2. HP: 25/27 MP: 1/1
   195 | D:1      | Reached skill level 1 in Armour
   802 | D:2      | Reached skill level 4 in Fighting
   804 | D:2      | Reached skill level 1 in Invocations
   804 | D:2      | Reached XP level 3. HP: 27/33 MP: 2/2
   847 | D:2      | Noticed Jessica
   849 | D:2      | Killed Jessica
   870 | D:2      | Noticed Robin
   885 | D:2      | Slain by a hobgoblin

Illustrated notes

Levels and vault maps discovered:
D:1:      mrwooster_arrival_statue_2, layout_basic, nicolae_figureground_pulse
D:2:      layout_rooms, uniq_jessica, uniq_robin

Skill      XL: |  1  2 |
---------------+-------+-----
Armour         | 1 |  1.7
Fighting       | 4 |  4.2
Invocations    | 1 |  1.4
Short Blades   | |  3.8
Dodging        | |  3.7

Action                     || total
---------------------------++-------
  Melee: Short sword       ||    80
         Headbutt          ||    19
 Armour: Robe              ||    14
  Dodge: Dodged            ||    70

Table legend: (Time is in decaauts)
 A = Elapsed time spent in this place.
 B = Non-inter-level travel time spent in this place.
 C = Inter-level travel time spent in this place.
 D = Time resting spent in this place.
 E = Time spent auto-exploring this place.
 F = Levels seen in this place.
 G = Mean time per level.
                   A        B        C        D        E       F      G
               +--------+--------+--------+--------+--------+-----+--------+
         Total |    871 |    864 |      7 |      0 |    726 |   2 |  435.5 |
       Dungeon |    871 |    864 |      7 |      0 |    726 |   2 |  435.5 |
               +--------+--------+--------+--------+--------+-----+--------+

Top non-repeatable levels by time:
     D:1: 786 daAuts
     D:2: 84 daAuts
